 Dungeon Crawl Stone Soup version 0.30-a0-459-g9104f0fc43 (webtiles) character file.

Game seed: 16908199296804107410

704 NinjaNoafa the Digger (level 7, -4/36 HPs)
             Began as a Gargoyle Earth Elementalist on Dec 15, 2022.
             Slain by Duvessa
             ... wielding a +0 short sword
              (12 damage)
             ... on level 4 of the Dungeon.
             The game lasted 00:07:37 (4388 turns).

NinjaNoafa the Digger (Gargoyle Earth Elementalist) Turns: 4388, Time: 00:07:37

Health: -4/36      AC:  8    Str: 12    XL:     7   Next: 67%
Magic:  0/13       EV: 11    Int: 17    God:
Gold:   286        SH:  0    Dex: 10    Spells: 4/14 levels left

rFire   + . .      SeeInvis .    C - +2 quarterstaff (chaos)
rCold   + . .      Faith    .    (shield currently unavailable)
rNeg    + . .      Spirit   .    r - +1 robe {rC+ rF+}
rPois   ∞          Reflect  .    (no helmet)
rElec   +          Harm     .    D - +0 cloak
rCorr   .          Rampage  .    (no gloves)
Will    .....                    (no boots)
Stlth   +.........               (no amulet)
HPRegen 0.26/turn                w - ring of wizardry
MPRegen 0.13/turn                (no ring)

@: lit by a corona, glowing
A: sickness immunity, AC +4, negative energy resistance 1, electricity
resistance, torment resistance 1, petrification resistance
a: no special abilities


You were on level 4 of the Dungeon.
You visited 1 branch of the dungeon, and saw 5 of its levels.

You collected 286 gold pieces.

Inventory:

Hand Weapons
 C - a +2 quarterstaff of chaos (weapon)
Missiles
 e - 43 stones
 s - 6 atropa-tipped darts
 y - 5 poisoned darts
 A - 3 boomerangs
Armour
 r - a +1 robe of resistance (worn)
 D - a +0 cloak (worn)
Jewellery
 w - a ring of wizardry (left hand)
Wands
 v - a wand of mindburst (14)
 x - a wand of iceblast (12)
Scrolls
 c - 5 scrolls of identify {unknown}
 d - 2 scrolls of enchant armour {unknown}
 f - 4 scrolls of teleportation {unknown}
 k - 4 scrolls of poison {unknown}
 l - a scroll of torment {unknown}
 p - a scroll of fear {unknown}
 t - 2 scrolls of silence {unknown}
 u - a scroll of immolation {unknown}
 z - a scroll of fog {unknown}
Potions
 a - 2 potions of curing {unknown}
 b - a potion of magic
 g - 2 potions of heal wounds {unknown}
 i - 2 potions of degeneration {unknown}
 j - a potion of brilliance {unknown}
 m - 3 potions of lignification {unknown}
 n - a potion of haste {unknown}
 o - a potion of cancellation {unknown}
 q - a potion of attraction {unknown}
 B - 2 potions of mutation {unknown}


   Skills:
 - Level 1.5 Dodging
 - Level 2.1 Stealth
 + Level 4.4 Spellcasting
 + Level 2.9 Conjurations
 + Level 3.5 Transmutations
 + Level 6.3 Earth Magic


You had 4 spell levels left.
You knew the following spells:

 Your Spells              Type           Power      Damage    Failure   Level
a - Sandblast             Erth           50%        2d12      1%          1
b - Passwall              Tmut/Erth      16%        N/A       1%          2
c - Stone Arrow           Conj/Erth      38%        3d9       2%          3
d - Petrify               Tmut/Erth      20%        N/A       9%          4

Your spell library contained the following spells:

 Spells                   Type           Power      Damage    Failure   Level
 Scorch                   Fire           6%         2d5       9%          2
 Gell's Gravitas          Tloc           3%         N/A       17%         3
 Teleport Other           Tloc           3%         N/A       17%         3
 Flame Wave               Conj/Fire      8%         2d5       32%         4
 Dispersal                Tloc           1%         N/A       100%        6
 Summon Cactus Giant      Summ           1%         N/A       100%        6


Dungeon Overview and Level Annotations

Branches:
Dungeon (5/15)
 Temple: D:4-7

Altars:
Elyvilon
Fedhas
Nemelex Xobeh
Uskayaw

Shops:
D:4 :

Annotations:
D:3 2 transporters
D:4 Duvessa


Innate Abilities, Weirdness & Mutations

You are immune to sickness and miasma.
Your stone body is resilient. (AC +4)
You are immune to poison.
You resist negative energy. (rN+)
You are resistant to electric shocks. (rElec)
You are resistant to unholy torment.
You are immune to petrification.


Message History

Aiming: Stone Arrow (dangerous; 2% risk of failure)
Press: ? - help, Shift-Dir - straight line, f/p - Dowan
Aim: Dowan, wielding a +0 dagger and wearing a +0 robe (severely wounded, 56% to hit)
The stone arrow misses Dowan.
The stone arrow hits Duvessa!
Duvessa is moderately wounded.
Casting: Stone Arrow (dangerous; 2% risk of failure)
Confirm with . or Enter, or press ? or * to list all spells.
Aiming: Stone Arrow (dangerous; 2% risk of failure)
Press: ? - help, Shift-Dir - straight line, f/p - Dowan
Aim: Dowan, wielding a +0 dagger and wearing a +0 robe (severely wounded, 56% to hit)
The stone arrow hits Dowan!
You kill Dowan!
Duvessa screams, "No!
How DARE you!"
Duvessa goes berserk!
Duvessa barely misses you.
Casting: Stone Arrow (dangerous; 2% risk of failure)
Confirm with . or Enter, or press ? or * to list all spells.
Aiming: Stone Arrow (dangerous; 2% risk of failure)
Press: ? - help, Shift-Dir - straight line, f - Duvessa
Aim: Duvessa, wielding a +0 short sword and wearing a +0 ring mail (moderately wounded, berserk, 77% to hit)
The stone arrow hits Duvessa!
Duvessa is heavily wounded.
Duvessa hits you with a +0 short sword. Duvessa hits you but does no damage.
Casting: Stone Arrow (dangerous; 2% risk of failure)
Confirm with . or Enter, or press ? or * to list all spells.
Aiming: Sandblast (safe; 1% risk of failure)
Press: ? - help, Shift-Dir - straight line, f/p - Duvessa
Aim: Duvessa, wielding a +0 short sword and wearing a +0 ring mail (heavily wounded, berserk, 87% to hit)
The blast of sand hits Duvessa.
Duvessa is severely wounded.
Duvessa hits you with a +0 short sword! x2
* * * LOW HITPOINT WARNING * * *
Casting: Sandblast (safe; 1% risk of failure)
Confirm with . or Enter, or press ? or * to list all spells.
Aiming: Sandblast (safe; 1% risk of failure)
Press: ? - help, Shift-Dir - straight line, f/p - Duvessa
Aim: Duvessa, wielding a +0 short sword and wearing a +0 ring mail (severely wounded, berserk, 87% to hit)
The blast of sand hits Duvessa!
Duvessa is severely wounded.
Duvessa hits you with a +0 short sword!
You die...

...........#.#.##.### ########
.##.....##.#........# #......#
.##.###.##.##..####.###.####.#
....# #.##.##..####..........#
.##.###........#..........##.# #
.##........##>##>##.....#.##.####
.......######.##)##)##....>.....<
#####.## #...e...##.#####.####
#...# ####@#####.#####.# # #...#
#..# #[......# # #...# #.##
######### # # #...# ####.####
####### ### ####...#####.......#
#.....# #..
.............##[...####.....# #.#
.............##..#..........# #.#
...............†...####.....# #.#
####...#####.##.##.# #.....# #.#


You could see Duvessa (berserk).

Vanquished Creatures
  Sigmund (D:3)
  A black bear (D:4)
  2 ogres (D:4)
  A phantom (D:4)
  Dowan (D:4)
  Crazy Yiuf (D:4)
  An orc priest (D:5)
  An adder (D:4)
  3 worms
  2 dart slugs
  12 orcs
  2 ball pythons
  3 bats
  5 endoplasms
  3 giant cockroaches
  5 goblins
  2 hobgoblins
  4 jackals (D:1)
  6 kobolds
  6 quokkas
  2 frilled lizards (D:1)
  6 rats
70 creatures vanquished.

Notes
Turn   | Place    | Note
-------+----------+-------------------------------------------
     0 | D:1      | NinjaNoafa the Gargoyle Earth Elementalist began the quest
                  | for the Orb.
     0 | D:1      | Reached XP level 1. HP: 10/10 MP: 3/3
   148 | D:1      | Reached skill level 1 in Transmutations
   363 | D:1      | Reached XP level 2. HP: 15/15 MP: 1/5
   366 | D:1      | Learned a level 2 spell: Passwall
   576 | D:1      | Found a faded altar of an unknown god.
   901 | D:1      | Reached skill level 4 in Earth Magic
  1234 | D:2      | Reached XP level 3. HP: 19/19 MP: 2/6
  1845 | D:3      | Noticed Sigmund
  1854 | D:3      | Killed Sigmund
  1855 | D:3      | Reached skill level 5 in Earth Magic
  1855 | D:3      | Reached XP level 4. HP: 16/24 MP: 3/9
  1855 | D:3      | Reached XP level 5. HP: 19/28 MP: 3/10
  1981 | D:3      | Found a transporter.
  2153 | D:3      | Found a transporter.
  2534 | D:3      | Found a blossoming altar of Fedhas.
  2534 | D:3      | Found a hide-covered altar of Uskayaw.
  2540 | D:3      | Learned a level 3 spell: Stone Arrow
  2547 | D:3      | Found a white marble altar of Elyvilon.
  2549 | D:3      | Found a faded altar of an unknown god.
  2551 | D:3      | Found a sparkling altar of Nemelex Xobeh.
  2729 | D:4      | Noticed an ogre
  2731 | D:4      | Reached XP level 6. HP: 32/32 MP: 7/11
  2748 | D:4      | Reached skill level 1 in Conjurations
  2974 | D:4      | Reached XP level 7. HP: 36/36 MP: 2/13
  3345 | D:4      | Found Yghoor's Book Boutique.
  3664 | D:4      | Found a runed translucent door.
  3665 | D:4      | Noticed Crazy Yiuf
  3979 | D:4      | Learned a level 4 spell: Petrify
  3991 | D:4      | Killed Crazy Yiuf
  3992 | D:4      | Reached skill level 6 in Earth Magic
  4149 | D:5      | Entered Level 5 of the Dungeon
  4376 | D:5      | Noticed Duvessa
  4376 | D:5      | Noticed Dowan
  4384 | D:4      | Killed Dowan
  4388 | D:4      | Slain by Duvessa

Illustrated notes

Levels and vault maps discovered:
D:1:      lemuel_arrival_cross, layout_basic, shapermc_ecumenical_altar_pompeii
D:2:      layout_basic, nicolae_figureground_sparkle
D:3:      gammafunk_wand_slinger, layout_loops_cross,
          chequers_temple_overflow_minitemple, dreamdust_wishing_well,
          uniq_sigmund
D:4:      layout_loops_cross, serial_shops, nicolae_inconvenience_store,
          uniq_crazy_yiuf_cottage
D:5:      layout_rooms, gammafunk_temple_overflow_forgotten, temple_doors_e,
          kennysheep_pointless_box, uniq_duvessa

Skill      XL: |  1  2  3  4  5  6  7 |
---------------+----------------------+-----
Transmutations | 1 2 3 |  3.5
Earth Magic    | 4 5 6 |  6.3
Spellcasting   | 3 4 |  4.4
Conjurations   | 2 |  2.9
Dodging        | |  1.5
Stealth        | |  2.1

Action                   |  1- 3 |  4- 6 |  7- 9 || total
-------------------------+-------+-------+-------++-------
Melee: Unarmed           |     8 |       |       ||     8
       Dagger            |     2 |    14 |     7 ||    23
       Punch             |       |     1 |     1 ||     2
 Cast: Sandblast         |    57 |     9 |    31 ||    97
       Stone Arrow       |       |     7 |     9 ||    16
       Passwall          |       |     1 |     2 ||     3
       Petrify           |       |       |     1 ||     1
  Use: Potion            |       |       |     1 ||     1
 Stab: Petrified         |       |       |     1 ||     1
Armor: Robe              |    15 |     5 |    29 ||    49
Dodge: Dodged            |    27 |    12 |    35 ||    74

Table legend: (Time is in decaauts)
 A = Elapsed time spent in this place.
 B = Non-inter-level travel time spent in this place.
 C = Inter-level travel time spent in this place.
 D = Time resting spent in this place.
 E = Time spent auto-exploring this place.
 F = Levels seen in this place.
 G = Mean time per level.
                   A        B        C        D        E       F      G
               +--------+--------+--------+--------+--------+-----+--------+
         Total |   4434 |   4282 |    152 |      0 |   3695 |   5 |  886.8 |
       Dungeon |   4434 |   4282 |    152 |      0 |   3695 |   5 |  886.8 |
               +--------+--------+--------+--------+--------+-----+--------+

Top non-repeatable levels by time:
     D:4: 1738 daAuts
     D:1: 1088 daAuts
     D:3: 811 daAuts
     D:2: 782 daAuts
     D:5: 14 daAuts
